 Dungeon Crawl Stone Soup version 0.31-a0-344-gd109795599 (webtiles) character file.

Game seed: 796600395351713780

581 LustLizard the Ruffian (level 7, -3/46 HPs)
             Began as an Octopode Shapeshifter on July 21, 2023.
             Was an Initiate of Wu Jian.
             Slain by Grinder (6 damage)
             ... while paralysed by Grinder
             ... on level 5 of the Dungeon.
             The game lasted 00:11:06 (3834 turns).

LustLizard the Ruffian (Octopode Shapeshifter)      Turns: 3834, Time: 00:11:07

Health: -3/46      AC:  1    Str: 16    XL:     7   Next: 36%
Magic:  7/7        EV:  2    Int: 10    God:    Wu Jian [......]
Gold:   203        SH:  0    Dex: 13    Spells: 6/6 levels left

rFire   . .          .
                       - Unarmed
rCold   . . .        (no shield)
rNeg    . . .        (helmet currently unavailable)
rPois   .            (no amulet)
rElec   .            (no ring)
rCorr   .            (no ring)
SInv    .            (no ring)
Will    .....        (no ring)
Stlth   +++          (no ring)
HPRegen 0.27/turn    (no ring)
MPRegen 0.10/turn    (no ring)
                     (no ring)

%: no passive effects
@: paralysed, beast-form
A: beast (slay +2), almost no armour, amphibious, 8 rings, camouflage 1,
gelatinous body 1, (nimble swimmer 1), tentacles
a: Begin Untransformation, Renounce Religion


You were on level 5 of the Dungeon.
You worshipped Wu Jian.
Wu Jian was noncommittal.
You were a hulking beast.
You visited 2 branches of the dungeon, and saw 6 of its levels.

You collected 203 gold pieces.

Inventory:

Missiles
 i - 16 poisoned darts
Jewellery
 m - a ring of protection from fire
Talismans
 b - a beast talisman
Scrolls
 c - a scroll of immolation {unknown}
 d - a scroll of enchant armour
 e - 3 scrolls of teleportation
 h - 2 scrolls of fog {unknown}
 k - a scroll of amnesia {unknown}
 l - a scroll of identify
 n - a scroll of revelation {unknown}
 p - a scroll of poison {unknown}
Potions
 a - 2 potions of lignification
 f - 2 potions of mutation
 g - 2 potions of brilliance
 j - a potion of magic {unknown}
 o - 2 potions of curing


   Skills:
 + Level 3.5 Fighting
 - Level 2.0 Dodging
 - Level 4.0 Stealth
 * Level 5.8 Unarmed Combat
 + Level 4.1 Shapeshifting


You had 6 spell levels left.
You didn't know any spells.
Your spell library contained the following spells:

 Spells                   Type           Power      Damage    Failure   Level
 Ignite Poison            Fire/Tmut/Pois 0%         N/A       75%         3
 Sticky Flame             Conj/Fire      0%         2d3       98%         4
 Ignition                 Fire           0%         3d3       100%        8


Dungeon Overview and Level Annotations

Branches:
Dungeon (5/15)             Temple (1/1) D:5

Altars:
Cheibriados
Dithmenos
Elyvilon
Fedhas
Gozag
Hepliaklqana
Kikubaaqudgha
Makhleb
Nemelex Xobeh
Okawaru
Qazlal
Ru
Sif Muna
Trog
Vehumet
Wu Jian
Xom
Yredelemnul
Zin
The Shining One

Annotations:
D:5 Grinder


Innate Abilities, Weirdness & Mutations

You are a hulking beast.
Your limbs bulge with bestial killing power. (Slay +2)
You cannot wear most types of armour.
You are amphibious.
You can wear up to eight rings at the same time.
Your skin changes colour to match your surroundings (Stealth+).
Your rubbery body absorbs attacks. (AC +1, EV +1)
((You are camouflaged when in or above water. (Stealth+)))
You have tentacles for arms and can constrict up to eight enemies at once.


Message History

There is a fountain of clear blue water here.
l - 2 scrolls of identify (gained 1)
As you read the scroll of identify, it crumbles to dust.
o - 2 potions of curing
Found a stone staircase leading down.
You open the door.
A scorpion comes into view.
There is an open door here.
You lunge at the scorpion.
You bludgeon the scorpion! You grab the scorpion.
The scorpion is heavily wounded.
You constrict the scorpion. The scorpion stings you.
The scorpion stings you but does no damage.
You bludgeon the scorpion!
You kill the scorpion!
The Council accepts your kill.
Grinder comes into view.
Grinder shouts!
You hear a bark!
Grinder blinks!
Found a stone staircase leading down.
Grinder blinks!
You hear the slow rusting of a very distant drain.
Found a scale mail.
A hound comes into view.
Grinder blinks!
Grinder gestures at you. Pain shoots through your body!
You lunge at Grinder.
The hound barks!
You bludgeon Grinder! You grab Grinder. You tentacle-slap Grinder.
You squeeze Grinder!
Grinder is severely wounded.
You constrict Grinder. Grinder gestures at you.
You suddenly lose the ability to move!
You lose your grip on Grinder.
Grinder hits you.
You writhe in agony.
Grinder hits you!
You writhe in agony.
* * * LOW HITPOINT WARNING * * *
Grinder hits you!
* * * LOW HITPOINT WARNING * * *
You writhe in agony.
You die...

#..## #. #...# #.
#...#######################.
##..........................
###...#################....
###..## #.... ##..#### #....
##.h5.# #.... ####h### #....
#...## #.... ###..# #....
##..# #.... ..... #####
.....# .....# ##+###


You could see Grinder and a hound.

Vanquished Creatures
  Edmund (D:5)
  2 phantoms
  A scorpion (D:5)
  Terence (D:2)
  An orc wizard (D:5)
  Robin (D:3)
  6 adders
  A white imp (D:5)
  An ufetubus (D:4)
  4 dart slugs
  10 orcs
  6 endoplasms
  4 giant cockroaches
  13 goblins
  8 hobgoblins
  6 jackals
  4 quokkas
  7 ball pythons
  17 bats
  3 frilled lizards
  5 kobolds
  10 rats
112 creatures vanquished.

Notes
Turn   | Place    | Note
-------+----------+-------------------------------------------
     0 | D:1      | LustLizard the Octopode Shapeshifter began the quest for
                  | the Orb.
     0 | D:1      | Reached XP level 1. HP: 13/13 MP: 1/1
    77 | D:1      | Reached XP level 2. HP: 16/18 MP: 2/2
   193 | D:1      | Reached skill level 1 in Stealth
   358 | D:1      | Reached XP level 3. HP: 23/23 MP: 3/3
  1151 | D:2      | Reached XP level 4. HP: 29/29 MP: 4/4
  1560 | D:2      | Noticed Terence
  1567 | D:2      | Killed Terence
  1568 | D:2      | Reached skill level 4 in Unarmed Combat
  2043 | D:3      | Noticed a phantom
  2055 | D:3      | Killed a phantom
  2056 | D:3      | Reached XP level 5. HP: 10/35 MP: 5/5
  2184 | D:3      | Noticed Robin
  2300 | D:3      | Killed Robin
  2368 | D:3      | Reached XP level 6. HP: 35/41 MP: 6/6
  2472 | D:3      | Found a faded altar of an unknown god.
  2472 | D:3      | Noticed a golden eye
  2481 | D:3      | Noticed a golden eye
  2484 | D:3      | Noticed an eye of devastation
  2484 | D:3      | Noticed an eye of devastation
  2708 | D:3      | Found a glowing golden altar of the Shining One.
  2864 | D:4      | Found a snail-covered altar of Cheibriados.
  3040 | D:4      | Reached skill level 5 in Unarmed Combat
  3163 | D:4      | Found a bloodstained altar of Trog.
  3163 | D:4      | Found a shimmering altar of Xom.
  3166 | D:4      | Found a burning altar of Makhleb.
  3614 | D:5      | Entered Level 5 of the Dungeon
  3622 | D:5      | Found a staircase to the Ecumenical Temple.
  3628 | D:5      | Noticed Edmund
  3684 | D:5      | Killed Edmund
  3685 | D:5      | Reached XP level 7. HP: 36/46 MP: 7/7
  3712 | Temple   | Entered the Ecumenical Temple
  3738 | Temple   | Became a worshipper of the Wu Jian Council
  3808 | D:5      | Noticed Grinder
  3831 | D:5      | Paralysed by Grinder for 4 turns
  3834 | D:5      | Slain by Grinder

Illustrated notes

Levels and vault maps discovered:
D:1:      dpeg_arrival_subterranean_lakeside_camping, layout_basic
D:2:      layout_basic, grunt_decor_arrowhead, minmay_unequal, uniq_terence
D:3:      layout_rooms, nicolae_overflow_hidden_temple,
          hellmonk_ecumenical_altar_watching_god, chequers_serial_rivers_room_b,
          st_stairs_8, uniq_robin
D:4:      layout_basic, minitemple, mainiacjoe_overflow_paths, kennysheep_nub
D:5:      layout_basic, minmay_temple_entry_drinking_statues,
          gammafunk_ghost_smash, cheibrodos_sewer_entry_bend, uniq_edmund,
          uniq_grinder
Temple:   regret_index_temple_waves

Skill      XL: |  1  2  3  4  5  6 |
---------------+-------------------+-----
Stealth        | 1 2 3 4 |  4.0
Fighting       | 2 3 |  3.5
Unarmed Combat | 4 5 |  5.8
Shapeshifting  | 4 |  4.1
Dodging        | |  2.0

Action                     |  1- 3 |  4- 6 |  7- 9 || total
---------------------------+-------+-------+-------++-------
  Melee: Unarmed           |    76 |   142 |     3 ||   221
         Constrict         |    24 |    26 |     2 ||    52
         Punch             |     4 |     4 |     1 ||     9
         Tentacles         |     9 |    18 |     1 ||    28
Ability: Lunge             |       |       |     2 ||     2
    Use: Scroll            |       |     4 |     1 ||     5
         Potion            |       |     1 |       ||     1
   Stab: Sleeping          |     3 |     3 |       ||     6
         Distracted        |       |     1 |       ||     1
 Armour: Skin              |     5 |    14 |     1 ||    20
  Dodge: Dodged            |    36 |    68 |       ||   104

Table legend: (Time is in decaauts)
 A = Elapsed time spent in this place.
 B = Non-inter-level travel time spent in this place.
 C = Inter-level travel time spent in this place.
 D = Time resting spent in this place.
 E = Time spent auto-exploring this place.
 F = Levels seen in this place.
 G = Mean time per level.
                   A        B        C        D        E       F      G
               +--------+--------+--------+--------+--------+-----+--------+
         Total |   3815 |   3609 |    206 |    151 |   2666 |   6 |  635.8 |
       Dungeon |   3763 |   3607 |    156 |    151 |   2666 |   5 |  752.6 |
        Temple |     52 |      2 |     50 |      0 |      0 |   1 |   52.0 |
               +--------+--------+--------+--------+--------+-----+--------+

Top non-repeatable levels by time:
     D:1: 1040 daAuts
     D:2: 962 daAuts
     D:4: 818 daAuts
     D:3: 778 daAuts
     D:5: 163 daAuts
  Temple: 52 daAuts
